 Dungeon Crawl Stone Soup version 0.32-a0-933-ga8fa3634e4 (webtiles) character file.

Game seed: 14287903121642509785

157 Heh the Slasher (level 5, -3/41 HPs)
             Began as a Coglin Berserker on Apr 14, 2024.
             Was a Believer of Trog.
             Slain by a gnoll
             ... wielding a +0 flail
              (10 damage)
             ... on level 3 of the Dungeon.
             The game lasted 00:04:22 (2103 turns).

Heh the Slasher (Coglin Berserker)                  Turns: 2103, Time: 00:04:22

Health: -3/41      AC:  5    Str: 17    XL:     5   Next: 38%
Magic:  5/5        EV: 10    Int:  6    God:    Trog [**....]
Gold:   71         SH:  0    Dex: 16    Spells: 4/4 levels left

rFire   . . .        a - +0 falchion {Kheti}
rCold   . . .        o - +1 short sword (speed) {Xolani}
rNeg    . . .        n - +0 ring mail
rPois   .            (no helmet)
rElec   .            (no cloak)
rCorr   .            (no gloves)
SInv    .            (no boots)
Will    .....        (amulet unavailable)
Stlth   +            (ring unavailable)
HPRegen 0.26/turn    (ring unavailable)
MPRegen 0.09/turn    (no gizmo)

%: no passive effects
@: revved
A: off-hand wielding, slow wielding, warmup strikes, no jewellery
a: Invent Gizmo, Renounce Religion, Berserk, Trog's Hand


You were on level 3 of the Dungeon.
You worshipped Trog.
Trog was pleased with you.
You visited 1 branch of the dungeon, and saw 3 of its levels.

You collected 71 gold pieces.

Inventory:

Hand Weapons
 a - a +0 falchion (weapon) {Kheti}
 c - a +0 dagger {Io}
 o - a +1 short sword of speed (offhand) {Xolani}
Missiles
 f - 29 poisoned darts (quivered)
Armour
 b - a +0 animal skin
 n - a +0 ring mail (worn)
 q - a +0 scale mail
Scrolls
 d - 4 scrolls of identify {unknown}
 h - 3 scrolls of blinking {unknown}
 i - a scroll of fog {unknown}
 j - a scroll of enchant armour {unknown}
 m - a scroll of noise {unknown}
 r - a scroll of silence {unknown}
 s - a scroll of teleportation {unknown}
Potions
 e - a potion of lignification {unknown}
 g - a potion of invisibility {unknown}
 k - 2 potions of brilliance {unknown}
 l - a potion of haste {unknown}
 p - a potion of berserk rage {unknown}


   Skills:
 + Level 3.1 Fighting
 * Level 5.7 Long Blades
 - Level 1.7 Armour
 + Level 1.9 Dodging


You had 4 spell levels left.
You didn't know any spells.
Your spell library was empty.

Dungeon Overview and Level Annotations

Branches:
Dungeon (3/15)

Altars:
Elyvilon


Innate Abilities, Weirdness & Mutations

You can wield a second weapon in your off-hand.
It takes a long time for you to wield or remove held weapons.
Your first few attacks do less damage.
You cannot equip rings or amulets.


Message History

You barely miss the gnoll with your +1 short sword of speed.
You closely miss the gnoll with your +0 falchion.
The gnoll is almost dead.
You hit the gnoll but do no damage.
You hit the gnoll with your +1 short sword of speed.
The gnoll is heavily wounded.
You hit the gnoll but do no damage. The gnoll hits you but does no damage.
The gnoll hits you with a +0 flail.
You hit the gnoll with your +1 short sword of speed.
You kill the gnoll!
Trog accepts your kill. The gnoll barely misses you.
You hit the gnoll with your +1 short sword of speed.
The gnoll is heavily wounded.
You hit the gnoll with your +0 falchion.
You hit the gnoll with your +0 falchion.
You kill the gnoll!
Trog accepts your kill.
You hit the giant cockroach with your +1 short sword of speed.
The giant cockroach is heavily wounded.
You slash the giant cockroach with your +0 falchion!
You kill the giant cockroach!
Trog accepts your kill.
You hit the frilled lizard with your +1 short sword of speed.
You kill the frilled lizard!
Trog accepts your kill.
You barely miss the gnoll with your +0 falchion.
You barely miss the gnoll with your +1 short sword of speed.
You barely miss the gnoll with your +0 falchion.
You hit the gnoll with your +1 short sword of speed.
The gnoll hits you with a +0 flail.
You slash the gnoll with your +0 falchion!
The gnoll is severely wounded.
You hit the gnoll but do no damage. The gnoll hits you with a +0 flail!
* * * LOW HITPOINT WARNING * * *
You completely miss the gnoll with your +1 short sword of speed.
The gnoll is severely wounded.
You hit the gnoll with your +0 falchion.
The gnoll hits you with a +0 flail!
You die...

...###...###...#.#..
.####
.P....._.....P...#..
......
..###...###...###..
......##### ##.##
##### #..
.......)..# #.# #..
..........# ##.##
#.. .........r#
#...# #..
.....####g###.P.#
#.. .... #)@##...#
#.. ... ##.###.##
### .. #.....# r
#######


You could see a gnoll and a rat.

Vanquished Creatures
  An orc priest (D:2)
  An orc wizard (D:2)
  An adder (D:2)
  4 gnolls
  2 dart slugs (D:1)
  3 orcs (D:2)
  4 endoplasms
  3 giant cockroaches
  6 goblins
  3 hobgoblins
  6 kobolds
  A quokka (D:1)
  5 ball pythons
  5 bats
  3 frilled lizards
  2 rats
50 creatures vanquished.

Notes
Turn   | Place    | Note
-------+----------+-------------------------------------------
     0 | D:1      | Heh the Coglin Berserker began the quest for the Orb.
     0 | D:1      | Reached XP level 1. HP: 18/18 MP: 1/1
   123 | D:1      | Reached XP level 2. HP: 13/24 MP: 2/2
   648 | D:1      | Reached skill level 4 in Long Blades
   731 | D:1      | Reached XP level 3. HP: 29/29 MP: 3/3
  1071 | D:2      | Reached XP level 4. HP: 6/35 MP: 4/4
  1073 | D:2      | Reached skill level 5 in Long Blades
  1606 | D:2      | Found a faded altar of an unknown god.
  1626 | D:2      | Reached XP level 5. HP: 38/41 MP: 5/5
  2033 | D:3      | Reached ** piety under Trog
  2052 | D:3      | Found a white marble altar of Elyvilon.
  2103 | D:3      | Slain by a gnoll

Illustrated notes

Levels and vault maps discovered:
D:1:      dpeg_arrival_three_bigger_balls, layout_basic, serial_bayou_pond_c
D:2:      layout_loops_ring, shapermc_ecumenical_altar_starsandcircs,
          minmay_increasing_density
D:3:      layout_basic, elyvilon_altar_1, mainiacjoe_overflow_brackets,
          gammafunk_ghost_nasty_kobolds

Skill      XL: |  1  2  3  4 |
---------------+-------------+-----
Long Blades    | 4 5 |  5.7
Fighting       | |  3.1
Armour         | |  1.7
Dodging        | |  1.9

Action                     |  1- 3 |  4- 6 || total
---------------------------+-------+-------++-------
  Melee: Falchion          |    59 |    64 ||   123
         Dagger            |    52 |    22 ||    74
         Short sword       |       |    42 ||    42
 Invoke: Berserk           |     1 |       ||     1
   Stab: Sleeping          |     2 |     2 ||     4
 Armour: Animal skin       |    51 |     7 ||    58
         Ring mail         |       |    27 ||    27
  Dodge: Dodged            |    39 |    25 ||    64

Table legend: (Time is in decaauts)
 A = Elapsed time spent in this place.
 B = Non-inter-level travel time spent in this place.
 C = Inter-level travel time spent in this place.
 D = Time resting spent in this place.
 E = Time spent auto-exploring this place.
 F = Levels seen in this place.
 G = Mean time per level.
                   A        B        C        D        E       F      G
               +--------+--------+--------+--------+--------+-----+--------+
         Total |   2104 |   2004 |    100 |     36 |   1622 |   3 |  701.3 |
       Dungeon |   2104 |   2004 |    100 |     36 |   1622 |   3 |  701.3 |
               +--------+--------+--------+--------+--------+-----+--------+

Top non-repeatable levels by time:
     D:1: 1012 daAuts
     D:2: 1011 daAuts
     D:3: 80 daAuts
